Cogmind - Beta 12 @@@ ROGUE MODE // 2023.05.09 @ 23:01:59 Player: Pogmind Result: Self-destructed Performance ------------- Evolutions (5) 2500 Regions Visited (17) 3400 Robots Destroyed (335) 1675 Value Destroyed (10176) 10176 Prototype IDs (58) 1160 Alien Tech Used (0) 0 Bonus (1175) 1175 TOTAL SCORE: 20086 Bonus ------- High Alert Combat Kills 260 Follower Combat Kills 824 Aligned with FarCom 300 Met Data Miner 300 Friendly Fire -509 Cogmind --------- Core Integrity 1000/1000 Matter 300/300 Energy 325/325 System Corruption 0% Temperature Cool (0) Movement Treading (160) Location -5/Factory Parts ------- > --- POWER (1) -------- Antimatter Reactor > --- PROPULSION (4) --- Heavy Treads Heavy Treads > --- UTILITY (10) ----- Advanced Heat Sink Improved Cooling System Huge Storage Unit Seismic Detector Core Analyzer Advanced Transmission Jammer Layered Medium Armor Plating Layered Medium Armor Plating > --- WEAPON (2) ------- Cooled Particle Cannon Heavy Plasma Cannon > --- INVENTORY (25) --- Heavy Treads Experimental Utility Shielding Improved Heavy Armor Plating Damper Plating Authchip [Device] Authchip [Device] Authchip [Processor] System Purifier Long-range Tractor Beam Beamcaster Heavy Plasma Cannon 8R-AWN's Boregun Mini Assault Cannon Magnetic Acceleration Cannon Bore Cannon Rocket Array Long-range Missile Launcher Ripper Stasis Trap (100%) Stasis Trap (100%) Peak State ------------ > --- POWER ------------ Antimatter Reactor > --- PROPULSION ------- Medium Treads Heavy Treads > --- UTILITY ---------- Huge Storage Unit Improved Armor Integrity Analyzer Damper Plating System Purifier > --- WEAPON ----------- Plasma Cannon 8R-AWN's Boregun > --- INVENTORY -------- Antimatter Reactor Armored Treads Heavy Treads Heavy Treads Improved Cooling System Improved Cooling System Improved Cooling System High-capacity Matter Pod Advanced Transmission Jammer Hardened Medium Armor Plating Hardened Medium Armor Plating Improved Light Armor Plating Improved Medium Armor Plating Improved Medium Armor Plating System Shield Authchip [Device] Authchip [Processor] Long-range Tractor Beam Plasma Cannon Plasma Cannon Rocket Launcher Rocket Array Great Axe [Rating: 88] Favorites ----------- Power Antimatter Reactor Engine Light Angular Momentum Engine Power Core Light Nuclear Core Reactor Antimatter Reactor Propulsion Light Treads Treads Light Treads Wheel Wheel Flight Unit Improved Flight Unit Utility Huge Storage Unit Device Seismic Detector Storage Huge Storage Unit Processor Machine Analyzer Hackware Hacking Suite Protection Hardened Medium Armor Plating Weapon Cooled Particle Cannon Energy Gun Heavy Laser Energy Cannon Cooled Particle Cannon Ballistic Gun Assault Rifle Ballistic Cannon Light Cannon Launcher Improved Grenade Launcher Slashing Weapon Great Axe Piercing Weapon Makeshift Spear Special Melee Weapon Datajack Build | -11 -10 -10 -9 -9 -9 -8 -8 -7 -7 -7 -7 -7 -7 -6 -6 -6 -5 ------- Run | Jun Mat Min Mat Min Exi Min Mat Fac Was Fac Low Low Dat Pro Fac Ext Fac Slots Evolved 10 | . . . 2 . . . 2 2 . . . . . . 2 . 2 Power . | . . . . . . . . . . . . . . . . . . Propulsion 2 | . . . 1 . . . . . . . . . . . 1 . . Utility 8 | . . . 1 . . . 2 2 . . . . . . 1 . 2 Weapon . | . . . . . . . . . . . . . . . . . . Parts Attached 451 | 8 17 5 30 3 23 7 95 65 10 75 14 13 3 20 32 31 . Power 13 | 1 1 . 1 1 1 . 5 . 1 1 . . . . . 1 . Engine 6 | 1 1 . 1 1 1 . 1 . . . . . . . . . . Core 4 | . . . . . . . 4 . . . . . . . . . . Reactor 3 | . . . . . . . . . 1 1 . . . . . 1 . Propulsion 58 | 3 7 3 7 . 3 2 21 3 2 3 . . . . 2 2 . Treads 52 | 2 4 2 7 . 3 2 20 3 2 3 . . . . 2 2 . Leg . | . . . . . . . . . . . . . . . . . . Wheel 5 | 1 3 1 . . . . . . . . . . . . . . . Hover . | . . . . . . . . . . . . . . . . . . Flight 1 | . . . . . . . 1 . . . . . . . . . . Utility 193 | 2 2 2 6 2 5 1 36 28 4 33 5 6 1 15 27 18 . Device 92 | 1 . 1 . . . 1 17 14 2 13 3 2 1 9 16 12 . Storage 6 | 1 2 . . . . . 1 . . 1 . . . . 1 . . Processor 4 | . . . . . . . 1 . 1 1 . . . . . 1 . Hackware 11 | . . . . . . . 3 1 . 2 . . . . 3 2 . Protection 80 | . . 1 6 2 5 . 14 13 1 16 2 4 . 6 7 3 . Artifact . | . . . . . . . . . . . . . . . . . . Weapon 187 | 2 7 . 16 . 14 4 33 34 3 38 9 7 2 5 3 10 . Energy Gun 8 | . . . . . . . 7 . . . . . . . 1 . . Energy Cannon 70 | . . . 1 . 2 2 11 15 2 18 4 3 1 3 2 6 . Ballistic Gun 16 | 2 4 . 4 . 3 . 2 . 1 . . . . . . . . Ballistic Cannon 21 | . . . 8 . 3 . 4 3 . 2 . . . . . 1 . Launcher 28 | . 3 . 3 . 2 2 5 6 . 4 1 1 1 . . . . Special Weapon . | . . . . . . . . . . . . . . . . . . Impact Weapon . | . . . . . . . . . . . . . . . . . . Slashing Weapon 33 | . . . . . 3 . 4 1 . 14 4 3 . 2 . 2 . Piercing Weapon 9 | . . . . . . . . 9 . . . . . . . . . Special Melee Weapon 2 | . . . . . 1 . . . . . . . . . . 1 . Unidentified Prototypes 9 | . . . 2 . . . 4 1 . 2 . . . . . . . Parts Lost 45 | . 2 1 9 . 8 2 16 6 . . . . . 1 . . . Power 4 | . 1 . . . 1 . 2 . . . . . . . . . . Propulsion 15 | . 1 1 3 . 2 2 5 1 . . . . . . . . . Utility 20 | . . . 3 . 4 . 7 5 . . . . . 1 . . . Weapon 6 | . . . 3 . 1 . 2 . . . . . . . . . . Highest Loss Streak 8 | . 1 1 3 . 8 2 6 1 . . . . . 1 . . . To Critical Strikes 5 | . . . 1 . 4 . . . . . . . . . . . . Average Slot Usage (%) 94 | . 99 100 99 100 98 100 97 97 75 91 91 92 92 91 81 84 . Engine 4 | . 14 14 11 11 9 11 5 7 1 . . . . . . . . Reactor 2 | . . . . . . . . . 5 7 7 7 7 7 6 6 . Treads 22 | . 23 14 32 33 33 33 26 22 16 15 15 15 15 15 12 13 . Device 15 | . 14 13 1 . . 11 11 24 9 16 29 27 24 25 17 14 . Storage 8 | . 14 14 11 11 11 11 9 7 7 6 7 7 7 7 6 6 . Hackware 5 | . . . . . . . 9 7 1 11 . . . . 18 18 . Protection 14 | . . . 19 22 22 11 12 11 8 15 15 17 21 20 6 10 . Energy Gun 1 | . . . . . . . 4 . . . . . . . . . . Energy Cannon 7 | . . . . . 4 21 8 8 7 9 10 9 7 14 12 10 . Ballistic Gun 3 | . 27 28 10 . 3 . 1 . 6 . . . . . . . . Ballistic Cannon 2 | . . . 10 22 10 . 1 . . . . . . . . . . Slashing Weapon 1 | . . . . . 1 . 2 . . 4 3 5 7 . . . . Naked Turns . | . . . . . . . . . . . . . . . . . . Heaviest Build 165 | 15 90 92 104 104 103 100 112 123 158 146 143 150 145 165 143 138 134 Greatest Support 140 | 40 40 10 60 60 60 60 84 78 98 98 90 90 90 90 140 140 140 Greatest Overweight (x) 9 | . 8 9 9 1 1 1 2 2 1 1 1 1 1 1 1 1 . Average Overweight (x) 1 | . 3 8 1 1 1 1 1 1 1 . 1 1 1 1 . . . Largest Inventory Capacity 25 | 8 25 25 25 25 25 25 25 25 25 25 25 25 25 25 25 25 25 Average Capacity 24 | 7 15 25 25 25 25 25 25 25 25 24 25 25 25 25 25 25 25 Most Carried 25 | 4 25 25 25 25 25 25 25 25 25 25 25 25 25 25 25 25 25 Average Carried 23 | 3 12 24 24 24 24 24 23 24 24 24 24 25 25 24 24 24 25 Final Capacity 25 | 8 25 25 25 25 25 25 25 25 25 25 25 25 25 25 25 25 25 Final Carried 25 | 4 25 25 25 25 25 24 25 25 25 25 25 25 25 25 25 25 25 Class Distribution -------------------- 77% | Scavenger-Mutant 15% | Mutant 7% | Hacker-Mutant Dominant Class ---------------- Mutant | -10/Materials Mutant | -10/Mines Scavenger-Mutant | -9/Materials Mutant | -9/Mines Scavenger-Mutant | -9/Exiles Scavenger-Mutant | -8/Mines Scavenger-Mutant | -8/Materials Scavenger-Mutant | -7/Factory Scavenger-Mutant | -7/Waste Scavenger-Mutant | -7/Factory Scavenger-Mutant | -7/Lower Caves Scavenger-Mutant | -7/Lower Caves Scavenger-Mutant | -7/Data Miner Scavenger-Mutant | -6/Proximity Caves Scavenger-Mutant | -6/Factory Hacker-Mutant | -6/Extension Hacker-Mutant | -5/Factory Resources | -11 -10 -10 -9 -9 -9 -8 -8 -7 -7 -7 -7 -7 -7 -6 -6 -6 -5 ----------- Run | Jun Mat Min Mat Min Exi Min Mat Fac Was Fac Low Low Dat Pro Fac Ext Fac Matter Collected 7685 | 388 651 116 1095 209 691 107 1054 1010 321 898 140 160 . 225 270 350 . Remotely 137 | . . . . . . . . 137 . . . . . . . . . Salvage Created 14297 | 208 803 93 1680 386 628 242 2213 1464 1520 2344 277 238 . 515 935 751 . Parts 718 | 13 49 4 99 21 69 12 110 57 34 121 9 13 . 23 41 43 . Haulers Intercepted 9 | . 2 . 2 . . . 3 2 . . . . . . . . . Recyclers Shooed 15 | . 2 . 3 . . . 3 1 . 3 . . . . 3 . . Parts Field Recycled . | . . . . . . . . . . . . . . . . . . Retrieved Matter . | . . . . . . . . . . . . . . . . . . Parts Self-Destructed 46 | . . . . . . . . . . . 7 13 . 26 . . . Prevented . | . . . . . . . . . . . . . . . . . . Kills | -11 -10 -10 -9 -9 -9 -8 -8 -7 -7 -7 -7 -7 -7 -6 -6 -6 -5 ------- Run | Jun Mat Min Mat Min Exi Min Mat Fac Was Fac Low Low Dat Pro Fac Ext Fac Combat Hostiles Destroyed 224 | . 14 2 37 10 6 7 34 30 5 30 3 8 . 9 15 14 . Melee 3 | . . . . . 1 . . 1 . 1 . . . . . . . Guns 33 | . 11 2 7 . . . 8 . 5 . . . . . . . . Cannons 134 | . . . 25 10 . 1 22 13 . 22 3 6 . 9 12 11 . AOE 44 | . 3 . 5 . 5 6 3 14 . 4 . 1 . . 1 2 . Classes Destroyed 22 | 3 5 . 3 1 3 . 1 2 1 . 1 . . 1 1 . . Worker 13 | 2 1 . 1 . . . 3 3 . 3 . . . . . . . Builder 22 | . . . . . . . 1 2 . 17 . . . . 1 1 . Tunneler 7 | 4 . . 1 1 . . . . . 1 . . . . . . . Hauler 9 | . 2 . 2 . . . 3 2 . . . . . . . . . Recycler 24 | 1 2 . 6 . . 1 3 4 . 5 . . . . . 2 . Minesweeper 2 | . . . . . . . . . . . 2 . . . . . . Mechanic 3 | . . . 1 1 . . 1 . . . . . . . . . . Operator 12 | . 3 . 2 . . . 3 1 . 2 . . . . . 1 . Turret 1 | . . . . . 1 . . . . . . . . . . . . Watcher 13 | . 2 . 5 . . . 5 . . 1 . . . . . . . Swarmer 48 | . 3 . 13 . . 4 3 6 . 4 . 5 . 1 . 9 . Grunt 95 | . 11 2 15 7 . 3 19 12 . 13 2 1 . 2 6 2 . Brawler 9 | . . . . 2 . . 2 2 . 2 . . . 1 . . . Duelist 4 | . . . 1 1 . . . 1 . 1 . . . . . . . Sentry 34 | . . . 8 . . . 10 2 . 4 . 1 . 1 5 3 . Specialist 2 | . . . . . . . . . . . . . . . 2 . . Hunter 7 | . . . . . . . . 3 . 1 1 1 . 1 . . . Programmer 14 | . . . . . . . . 4 . 5 . . . 3 2 . . Compactor 5 | . . . . . . . . . 5 . . . . . . . . Zionite 8 | . . . . . 8 . . . . . . . . . . . . Decomposer 2 | . . . . . . . . . . . 2 . . . . . . Samaritan 1 | . . . . . . . . . . . . . . 1 . . . Assembled 7 | . . . . . 7 . . . . . . . . . . . . Best Kill Streak 9 | 2 3 1 5 3 5 3 6 9 2 4 1 4 . 4 4 4 . Combat Bots Only 7 | . 3 1 4 3 5 3 6 7 2 2 1 4 . 4 4 4 . Max Kills in Single Turn 6 | 1 2 1 3 1 4 3 2 6 1 2 1 1 . 1 1 2 . Gunslinging . | . . . . . . . . . . . . . . . . . . Exploded 4 | . 2 . 2 . 4 3 1 3 . 2 . 1 . . 1 2 . Melee 1 | . . . . . 1 . . 1 . 1 . . . . . . . Uniques/NPCs Destroyed 4 | . . . . . 4 . . . . . . . . . . . . 8R-AWN (-9/Exiles) EX-BIN (-9/Exiles) EX-DEC (-9/Exiles) EX-HEX (-9/Exiles) Combat | -11 -10 -10 -9 -9 -9 -8 -8 -7 -7 -7 -7 -7 -7 -6 -6 -6 -5 -------- Run | Jun Mat Min Mat Min Exi Min Mat Fac Was Fac Low Low Dat Pro Fac Ext Fac Damage Taken 14185 | . 741 210 1232 225 1011 171 2457 1814 148 1914 381 478 . 707 1362 1334 . Core 1130 | . 99 41 181 22 60 7 312 116 . 70 37 13 . 18 77 77 . Absorbed by Shields . | . . . . . . . . . . . . . . . . . . Reduced by Siege Mode 387 | . . . . . . . . . . 112 26 17 . 35 160 37 . Redirected to Shielding 35 | . . . . . . . 35 . . . . . . . . . . Regen/Repaired (Parts) 2818 | . 159 . 106 . . . 96 379 . 1072 . . . . 513 493 . Core Remaining (%) 60 | 100 . 44 . . . 32 43 . . . . . . 63 . 81 . Volleys Fired 847 | 18 80 13 100 23 82 9 131 76 37 92 39 23 . 33 54 37 . Largest 2 | 2 2 2 2 2 2 2 2 2 1 2 2 2 . 2 2 2 . Hottest 160 | 40 40 40 70 70 69 136 160 160 30 160 60 60 . 60 120 120 . Shots Fired 1474 | 36 155 26 197 46 84 14 259 118 37 171 66 35 . 66 101 63 . Gun 484 | 36 150 26 79 . 71 . 85 . 37 . . . . . . . . Cannon 951 | . . . 115 46 7 10 170 105 . 169 66 33 . 66 101 63 . Launcher 39 | . 5 . 3 . 6 4 4 13 . 2 . 2 . . . . . Special . | . . . . . . . . . . . . . . . . . . Kinetic 589 | 36 150 26 194 46 71 . 19 7 37 3 . . . . . . . Thermal 846 | . . . . . 7 10 236 98 . 166 66 33 . 66 101 63 . Explosive 39 | . 5 . 3 . 6 4 4 13 . 2 . 2 . . . . . Electromagnetic . | . . . . . . . . . . . . . . . . . . Robot Hit Streak 29 | 5 12 6 13 21 11 7 24 16 17 27 12 12 . 18 29 26 . Robot Miss Streak 5 | 3 3 3 4 2 5 2 3 3 2 2 1 1 . 2 3 3 . Penetration Max 1 | . . . . . 1 . . . 1 . . . . . . . . Secondary Targets 3 | . 2 1 . . . . . . . . . . . . . . . Max Gunslinging Chain 1 | . 1 1 . . . . . . . . . . . . . . . Shots Hit Robots 1036 | 24 108 17 127 33 76 8 175 75 32 156 32 26 . 39 65 43 . Core Hits 515 | 8 43 5 66 17 43 12 87 74 7 64 10 11 . 17 24 27 . Critical Kills 14 | . . . . . 4 . 1 . 5 1 . . . . 2 1 . Critical Parts Destroyed 24 | 1 2 . 1 . 14 . . . 6 . . . . . . . . Critical Strikes 59 | 1 2 . 2 3 19 . 6 2 20 1 . . . . 2 1 . Burn 5 | . . . . . . . 5 . . . . . . . . . . Meltdown 5 | . . . . . . . 1 . . 1 . . . . 2 1 . Destroy 42 | 1 2 . 1 . 18 . . . 20 . . . . . . . . Blast 4 | . . . 1 3 . . . . . . . . . . . . . Sever 1 | . . . . . 1 . . . . . . . . . . . . Impale 2 | . . . . . . . . 2 . . . . . . . . . Melee Attacks 223 | . . . . . 40 . 13 62 . 83 12 5 . 2 . 6 . Impact . | . . . . . . . . . . . . . . . . . . Slashing 156 | . . . . . 34 . 13 2 . 83 12 5 . 2 . 5 . Piercing 60 | . . . . . . . . 60 . . . . . . . . . Sneak Attacks 51 | . . . . . 5 . 6 5 . 29 2 . . 1 . 3 . Combat Hostiles . | . . . . . . . . . . . . . . . . . . Follow-up Attacks . | . . . . . . . . . . . . . . . . . . Damage Inflicted 31072 | 334 1681 221 2756 648 2113 668 4407 4122 668 6367 981 829 . 1190 2179 1908 . Guns 5365 | 334 1391 221 775 . 781 . 1195 . 668 . . . . . . . . Cannons 15662 | . . . 1467 615 122 103 2423 1692 . 3405 806 677 . 1122 1980 1250 . Explosions 4951 | . 282 . 486 . 499 531 313 2000 . 374 . 152 . . 55 259 . Melee 4473 | . . . . . 711 . 444 370 . 2436 175 . . 68 . 269 . Ramming 621 | . 8 . 28 33 . 34 32 60 . 152 . . . . 144 130 . Kinetic 6526 | 334 1391 221 2242 615 781 . 274 . 668 . . . . . . . . Thermal 15391 | . . . . . 122 103 3344 2000 . 3673 806 677 . 1122 2035 1509 . Explosive 4061 | . 282 . 486 . 499 531 313 1692 . 106 . 152 . . . . . Electromagnetic . | . . . . . . . . . . . . . . . . . . Impact . | . . . . . . . . . . . . . . . . . . Slashing 4103 | . . . . . 711 . 444 . . 2436 175 . . 68 . 269 . Piercing 370 | . . . . . . . . 370 . . . . . . . . . Highest Corruption 7 | . . . . . . . 5 3 7 2 . . . 2 1 1 . Average Corruption 2 | . . . . . . . 3 2 5 1 . . . 1 1 1 . Corruption Purged 24 | . . . . . . . 8 3 7 2 . . . 3 . 1 . Corruption Blocked 6 | . . . . . . . . . . . . . . . 6 . . Effects 56 | . . . . . . . 9 17 12 11 . . . 3 3 1 . Message Errors 12 | . . . . . . . 1 4 4 1 . . . . 1 1 . Matter Fused 12 | . . . . . . . 4 5 1 2 . . . . . . . Heat Flow Errors 6 | . . . . . . . . 2 1 1 . . . 1 1 . . Energy Discharges 6 | . . . . . . . . . 4 1 . . . 1 . . . Data Loss (minor) 11 | . . . . . . . 2 2 1 5 . . . 1 . . . Data Loss (major) 3 | . . . . . . . . 2 . . . . . . 1 . . Misfires 5 | . . . . . . . 2 2 . 1 . . . . . . . Alerts 1 | . . . . . . . . . 1 . . . . . . . . Overload Shots . | . . . . . . . . . . . . . . . . . . Overflow Damage 1367 | . 9 . 65 . 10 4 36 272 . 708 153 11 . 47 22 30 . Projectiles 208 | . . . 16 . . . 31 22 . 31 32 4 . 47 4 21 . Explosions 236 | . 9 . 49 . 10 4 5 152 . . . 7 . . . . . Melee 923 | . . . . . . . . 98 . 677 121 . . . 18 9 . Knockbacks 37 | . . . 18 7 . . 9 1 . 1 . . . . . 1 . Impact 4 | . . . . . . . 1 1 . 1 . . . . . 1 . Kinetic 33 | . . . 18 7 . . 8 . . . . . . . . . . Secondary . | . . . . . . . . . . . . . . . . . . Self-Inflicted Damage 354 | . 58 . 35 . . . 47 160 . 54 . . . . . . . Shots 14 | . 2 . 2 . . . 2 7 . 1 . . . . . . . Rammed 48 | . 4 . 3 5 . 2 6 5 . 9 . . . . 7 7 . Targets Rammed 51 | . 4 . 5 5 . 2 6 6 . 9 . . . . 7 7 . Kicked . | . . . . . . . . . . . . . . . . . . Crushed 3 | . . . 2 . . . . 1 . . . . . . . . . Highest Temperature 279 | . 7 24 192 171 136 18 279 135 139 192 . . . 202 222 180 . Average Temperature 51 | . 2 13 37 53 53 11 54 45 71 63 . . . 119 69 55 . Received Heat Transfer 3970 | . 303 126 411 84 . 54 1233 315 . 516 138 45 . 75 487 183 . Effects 1 | . . . . . . . 1 . . . . . . . . . . Interference 1 | . . . . . . . 1 . . . . . . . . . . Siege Activations 59 | . . . . . . . . . . 22 2 4 . 7 10 14 . Total Turns 812 | . . . . . . . . . . 348 84 68 . 80 140 92 . Longest Duration 73 | . . . . . . . . . . 34 73 27 . 26 29 18 . Robots Corrupted . | . . . . . . . . . . . . . . . . . . Combat Hostiles . | . . . . . . . . . . . . . . . . . . Parts Fried . | . . . . . . . . . . . . . . . . . . Impact Corruptions 3 | . . . . . . . . 1 . . . . . . 1 1 . Robots Melted 10 | . . . . . . . 1 2 . 3 . 1 . . 2 1 . Combat Hostiles 10 | . . . . . . . 1 2 . 3 . 1 . . 2 1 . Parts Melted 69 | . . . . . . . 17 5 . 26 1 2 . 4 12 2 . Heat Transferred 24658 | . . . . . 222 185 6346 3300 . 6277 1110 925 . 1406 2908 1979 . Parts Sabotaged . | . . . . . . . . . . . . . . . . . . Parts Stolen . | . . . . . . . . . . . . . . . . . . Parts Stripped . | . . . . . . . . . . . . . . . . . . Power Chain Reactions . | . . . . . . . . . . . . . . . . . . Missiles Intercepted . | . . . . . . . . . . . . . . . . . . Alert | -11 -10 -10 -9 -9 -9 -8 -8 -7 -7 -7 -7 -7 -7 -6 -6 -6 -5 ------- Run | Jun Mat Min Mat Min Exi Min Mat Fac Was Fac Low Low Dat Pro Fac Ext Fac Peak Influence 747 | 35 298 97 731 337 . 114 314 445 155 747 . . . . 268 425 . Initial 267 | . 22 97 . 267 . . . 142 155 . . . . . . 130 . Average 214 | 15 148 46 336 129 . 33 217 287 150 324 . . . . 101 190 . Maximum Alert Level 3 | . 1 . 3 1 . . 1 2 . 3 . . . . 1 2 . Low Security (%) 44 | 100 67 100 30 79 . 100 28 16 100 21 . . . . 81 47 100 Level 1 47 | . 32 . 33 20 . . 71 80 . 46 . . . . 18 48 . Level 2 7 | . . . 21 . . . . 3 . 30 . . . . . 3 . Level 3 1 | . . . 13 . . . . . . 1 . . . . . . . Level 4 . | . . . . . . . . . . . . . . . . . . Level 5 . | . . . . . . . . . . . . . . . . . . High Security . | . . . . . . . . . . . . . . . . . . Max Security . | . . . . . . . . . . . . . . . . . . Squads Dispatched 58 | . 5 1 7 1 . . 7 12 . 15 . . . 1 7 2 . Investigation 17 | . 2 1 2 . . . 1 3 . 5 . . . . 2 1 . Extermination 12 | . . . . . . . . 4 . 5 . . . . 3 . . Reinforcement 15 | . 3 . 3 . . . 3 2 . 1 . . . . 2 1 . Assault 7 | . . . 2 1 . . . . . 3 . . . 1 . . . Garrison 7 | . . . . . . . 3 3 . 1 . . . . . . . Intercept . | . . . . . . . . . . . . . . . . . . Searches Triggered . | . . . . . . . . . . . . . . . . . . Construction Impeded 3 | . . . . . . . 1 2 . . . . . . . . . Haulers Reinforced . | . . . . . . . . . . . . . . . . . . Active Scanning Responses . | . . . . . . . . . . . . . . . . . . Cargo Convoy Interrupts 1 | . . . . . . . . . . . . . . . 1 . . Stealth | -11 -10 -10 -9 -9 -9 -8 -8 -7 -7 -7 -7 -7 -7 -6 -6 -6 -5 --------- Run | Jun Mat Min Mat Min Exi Min Mat Fac Was Fac Low Low Dat Pro Fac Ext Fac Distress Signals 18 | . 3 . 2 . . . 6 2 . 1 . . . . 4 . . Communications Jammed 42 | . . . . . . . . 10 . 30 1 . . . 1 . . Distress Signals 40 | . . . . . . . . 9 . 29 1 . . . 1 . . Times Spotted 350 | . 33 2 63 12 19 8 50 36 7 56 5 7 . 11 18 23 . Peak Tracking Total 7 | . 5 2 7 4 7 4 5 5 3 5 2 4 . 4 3 5 . Tactical Retreats 22 | . 2 . 2 . 8 1 . . 2 6 1 . . . . . . Traps | -11 -10 -10 -9 -9 -9 -8 -8 -7 -7 -7 -7 -7 -7 -6 -6 -6 -5 ------- Run | Jun Mat Min Mat Min Exi Min Mat Fac Was Fac Low Low Dat Pro Fac Ext Fac Traps Triggered 8 | . 1 . 1 . . . 1 2 . 1 . . . . 2 . . Indirectly . | . . . . . . . . . . . . . . . . . . Trap Hack Attempts 12 | . . . . . . . . . . . . . . . . 12 . Triggered . | . . . . . . . . . . . . . . . . . . Disarmed . | . . . . . . . . . . . . . . . . . . Reprogrammed 2 | . . . . . . . . . . . . . . . . 2 . Reused 4 | . . . . . . . . . . . 4 . . . . . . Traps Extracted 2 | . . . . . . . . . . . . . . . . 2 . Installed 4 | . . . . . . . . . . . 4 . . . . . . Triggered 5 | . . . . . . . . . . . 4 . . . 1 . . Most Traps Carried 4 | . . . . . . . . . . . 4 . . . . 2 . Machines | -11 -10 -10 -9 -9 -9 -8 -8 -7 -7 -7 -7 -7 -7 -6 -6 -6 -5 ---------- Run | Jun Mat Min Mat Min Exi Min Mat Fac Was Fac Low Low Dat Pro Fac Ext Fac Machines Disabled 45 | . 3 . 4 . 17 . 2 2 . 13 . . . 1 2 1 . Max in Single Turn 10 | . 2 . 2 . 2 . 1 2 . 10 . . . . 2 1 . Garrison Access 3 | . . . . . . . . 1 . 2 . . . . . . . Energy Cycler 3 | . . . . . . . . . . . . . . . . 3 . Machines Repaired . | . . . . . . . . . . . . . . . . . . Machines Sabotaged . | . . . . . . . . . . . . . . . . . . Overloaded Fab Kills . | . . . . . . . . . . . . . . . . . . Hacking | -11 -10 -10 -9 -9 -9 -8 -8 -7 -7 -7 -7 -7 -7 -6 -6 -6 -5 --------- Run | Jun Mat Min Mat Min Exi Min Mat Fac Was Fac Low Low Dat Pro Fac Ext Fac Machines Accessed 95 | . 7 1 12 . 2 . 14 12 . 23 1 . 4 . 8 11 . Terminals 50 | . 5 . 8 . . . 8 3 . 14 . . . . 4 8 . Fabricators 6 | . . . . . . . . 4 . 1 . . . . 1 . . Repair Stations 11 | . 1 . 2 . . . 1 2 . 3 . . . . 1 1 . Recycling Units 11 | . 1 . 1 . . . 2 1 . 3 . . . . 1 2 . Scanalyzers 6 | . . . 1 . . . 2 1 . 1 . . . . 1 . . Garrison Access 3 | . . . . . . . 1 1 . 1 . . . . . . . Total Hacks 354 | . 25 1 32 . 2 . 41 31 . 98 1 . 28 . 40 55 . Successful 226 | . 14 1 16 . 2 . 29 18 . 50 1 . 28 . 28 39 . Failed 126 | . 11 . 16 . . . 12 13 . 47 . . . . 12 15 . Catastrophic 23 | . 2 . 2 . . . 3 7 . 8 . . . . . 1 . Database Lockouts 2 | . . . . . . . . . . 1 . . . . . 1 . Manual 166 | . 17 . 23 . 1 . 22 12 . 46 . . . . 19 26 . Terminals 173 | . 17 . 21 . . . 21 4 . 59 . . . . 16 35 . Fabricators 18 | . . . . . . . . 9 . 5 . . . . 4 . . Repair Stations 62 | . 7 . 4 . . . 8 9 . 20 . . . . 5 9 . Recycling Units 37 | . 1 . 1 . . . 4 6 . 7 . . . . 7 11 . Scanalyzers 27 | . . . 6 . . . 6 1 . 6 . . . . 8 . . Garrison Access 5 | . . . . . . . 2 2 . 1 . . . . . . . Terminal Hacks 86 | . 4 1 3 . 2 . 7 . . 20 1 . 28 . 4 16 . Record 12 | . . . . . 1 . . . . . . . 11 . . . . Part Schematic 20 | . 1 . 1 . . . . . . 3 . . 10 . 1 4 . Robot Schematic 6 | . . . . . . . 1 . . . . . 4 . . 1 . Robot Analysis 5 | . 2 . 1 . . . 1 . . . . . . . . 1 . Prototype ID Bank 5 | . . . . . . . . . . 1 . . 3 . . 1 . Open Door 2 | . . 1 . . . . . . . . 1 . . . . . . Branch Access Points 3 | . . . . . . . 1 . . 1 . . . . 1 . . Emergency Access Points 2 | . . . . . . . . . . 2 . . . . . . . Machine Index 2 | . . . . . . . . . . 1 . . . . 1 . . Terminal Index 1 | . . . . . . . . . . 1 . . . . . . . Fabricator Index 1 | . . . . . . . . . . 1 . . . . . . . Repair Station Index 2 | . . . . . . . . . . 1 . . . . . 1 . Alert Level 3 | . . . . . . . 1 . . 1 . . . . . 1 . Unreport Threat 7 | . . . 1 . . . 1 . . 3 . . . . . 2 . Locate Traps 7 | . 1 . . . . . 1 . . 2 . . . . . 3 . Recall Investigation 1 | . . . . . . . . . . 1 . . . . . . . Recall Extermination 1 | . . . . . . . . . . 1 . . . . . . . Hauler Manifests 3 | . . . . . . . 1 . . . . . . . 1 1 . Zone Layout 2 | . . . . . . . . . . 1 . . . . . 1 . EX-Prototype ID Bank 1 | . . . . . 1 . . . . . . . . . . . . Fabricator Hacks 7 | . . . . . . . . 3 . 2 . . . . 2 . . Network Status 1 | . . . . . . . . 1 . . . . . . . . . Load Schematic 4 | . . . . . . . . 2 . 1 . . . . 1 . . Build 2 | . . . . . . . . . . 1 . . . . 1 . . Repair Station Hacks 49 | . 5 . 3 . . . 8 7 . 14 . . . . 4 8 . Scan Component 26 | . 3 . 2 . . . 4 4 . 7 . . . . 2 4 . Repair 23 | . 2 . 1 . . . 4 3 . 7 . . . . 2 4 . Recycling Unit Hacks 10 | . . . . . . . . 1 . 3 . . . . 1 5 . Report Inventory 7 | . . . . . . . . 1 . 2 . . . . 1 3 . Retrieve Matter 1 | . . . . . . . . . . . . . . . . 1 . Retrieve Components 2 | . . . . . . . . . . 1 . . . . . 1 . Scanalyzer 21 | . . . 6 . . . 5 . . 2 . . . . 8 . . Insert Component 9 | . . . 3 . . . 2 . . 1 . . . . 3 . . Analyze 12 | . . . 3 . . . 3 . . 1 . . . . 5 . . Garrison Access Hacks 3 | . . . . . . . 1 1 . 1 . . . . . . . Unlock Access 1 | . . . . . . . 1 . . . . . . . . . . Seal Access 2 | . . . . . . . . 1 . 1 . . . . . . . Unauthorized Hacks 50 | . 5 . 4 . . . 8 6 . 8 . . . . 9 10 . Terminals 27 | . 4 . 3 . . . 5 1 . 5 . . . . 4 5 . Assimilate 5 | . 1 . . . . . 2 . . 1 . . . . 1 . . Botnet 20 | . 3 . 3 . . . 2 1 . 4 . . . . 2 5 . Operators 2 | . . . . . . . 1 . . . . . . . 1 . . Fabricators 3 | . . . . . . . . 1 . 1 . . . . 1 . . Haulers 1 | . . . . . . . . . . . . . . . 1 . . Recompile 2 | . . . . . . . . 1 . 1 . . . . . . . Repair Stations . | . . . . . . . . . . . . . . . . . . Recycling Units 20 | . 1 . 1 . . . 3 4 . 2 . . . . 4 5 . Monitor 3 | . . . . . . . . 1 . . . . . . 1 1 . Reject 5 | . . . . . . . 1 1 . . . . . . 1 2 . Recyclers 3 | . . . . . . . . 1 . . . . . . 1 1 . Mask 5 | . . . . . . . 1 1 . 1 . . . . 1 1 . Tunnel 4 | . 1 . 1 . . . 1 . . 1 . . . . . . . Scanalyzers . | . . . . . . . . . . . . . . . . . . Garrison Access . | . . . . . . . . . . . . . . . . . . Data Cores Recovered 1 | . . . . . . . . 1 . . . . . . . . . Used . | . . . . . . . . . . . . . . . . . . Hacking Detections 75 | . 6 . 9 . . . 14 10 . 20 . . . . 6 10 . Full Trace Events 8 | . . . . . . . . 2 . 3 . . . . 2 1 . Feedback Events 1 | . . . . . . . . 1 . . . . . . . . . Hackware Fried 1 | . . . . . . . . 1 . . . . . . . . . Feedback Blocked . | . . . . . . . . . . . . . . . . . . Robot Schematics Acquired 6 | . . . . . . . 1 . . . . . 4 . . 1 . Robots Built 3 | . . . . . . . . . . 3 . . . . . . . Authchips . | . . . . . . . . . . . . . . . . . . Time 134 | . . . . . . . . . . 134 . . . . . . . Total Robot Build Rating 12 | . . . . . . . . . . 12 . . . . . . . Part Schematics Acquired 28 | . 1 . 4 . . . 2 . . 3 . . 10 . 4 4 . Parts Built 1 | . . . . . . . . . . . . . . . 1 . . Authchips . | . . . . . . . . . . . . . . . . . . Time 76 | . . . . . . . . . . . . . . . 76 . . Total Part Build Rating 5 | . . . . . . . . . . . . . . . 5 . . Parts Repaired 23 | . 2 . 1 . . . 4 3 . 7 . . . . 2 4 . Time 1070 | . 52 . 26 . . . 336 108 . 204 . . . . 94 250 . Parts Recycled . | . . . . . . . . . . . . . . . . . . Recycled Matter . | . . . . . . . . . . . . . . . . . . Retrieved Matter . | . . . . . . . . . . . . . . . . . . Retrieved Components 13 | . . . . . . . . . . 10 . . . . . 3 . Parts Scanalyzed 9 | . . . 3 . . . 2 . . 1 . . . . 3 . . Part Schematics Acquired 8 | . . . 3 . . . 2 . . . . . . . 3 . . Parts Damaged 2 | . . . . . . . 1 . . . . . . . 1 . . Bothacking | -11 -10 -10 -9 -9 -9 -8 -8 -7 -7 -7 -7 -7 -7 -6 -6 -6 -5 ------------ Run | Jun Mat Min Mat Min Exi Min Mat Fac Was Fac Low Low Dat Pro Fac Ext Fac Used RIF Installer . | . . . . . . . . . . . . . . . . . . Robots Hacked 4 | . . . . . 4 . . . . . . . . . . . . Non-combat 3 | . . . . . 3 . . . . . . . . . . . . Combat 1 | . . . . . 1 . . . . . . . . . . . . Robot Hacks Applied 5 | . . . . . 5 . . . . . . . . . . . . parse_system 5 | . . . . . 5 . . . . . . . . . . . . Relay Couplers Released . | . . . . . . . . . . . . . . . . . . Fabnet Peak Effective % . | . . . . . . . . . . . . . . . . . . Robots Rewired 6 | . . . . . . . . . . . . . . . . 6 . Allies Hacked . | . . . . . . . . . . . . . . . . . . Hacks Repelled . | . . . . . . . . . . . . . . . . . . Allies | -11 -10 -10 -9 -9 -9 -8 -8 -7 -7 -7 -7 -7 -7 -6 -6 -6 -5 -------- Run | Jun Mat Min Mat Min Exi Min Mat Fac Was Fac Low Low Dat Pro Fac Ext Fac Total Allies 15 | . . 1 . 1 . . . . . 4 . . . 1 1 7 . Largest Group 5 | . . 1 . 1 . . . . . 4 . . . 1 1 5 . Highest-Rated Group 134 | . . 31 . 31 . . . . . 86 . . . 96 10 134 . Highest-Rated Ally 96 | . . 31 . 31 . . . . . 26 . . . 96 10 39 . Total Orders 15 | . . . . . . . . . . 1 . . . . 9 5 . STAY 8 | . . . . . . . . . . 1 . . . . 4 3 . FOLLOW 7 | . . . . . . . . . . . . . . . 5 2 . Ally Attacks 94 | . . . . 9 . . . . . 19 . . . 12 . 54 . Total Damage 1968 | . . . . 104 . . . . . 401 . . . 560 . 903 . Kills 24 | . . . . 3 . . . . . 6 . . . 4 . 11 . Allies Corrupted 1 | . . . . 1 . . . . . . . . . . . . . Allies Melted 1 | . . . . . . . . . . 1 . . . . . . . Intel | -11 -10 -10 -9 -9 -9 -8 -8 -7 -7 -7 -7 -7 -7 -6 -6 -6 -5 ------- Run | Jun Mat Min Mat Min Exi Min Mat Fac Was Fac Low Low Dat Pro Fac Ext Fac Robot Analysis Total 5 | . 2 . 1 . . . 1 . . . . . . . . 1 . Derelict Logs Recovered 7 | . . 1 . 1 . . . . . . 2 1 . 2 . . . Drone Launches . | . . . . . . . . . . . . . . . . . . Drone Recoveries . | . . . . . . . . . . . . . . . . . . Exploration | -11 -10 -10 -9 -9 -9 -8 -8 -7 -7 -7 -7 -7 -7 -6 -6 -6 -5 ------------- Run | Jun Mat Min Mat Min Exi Min Mat Fac Was Fac Low Low Dat Pro Fac Ext Fac Turns Passed 44927 | 212 2517 1090 2829 1934 3389 1350 9528 2659 411 4523 3868 3597 196 3237 1533 2052 2 Spaces Moved 16243 | 90 901 494 946 718 1274 532 3248 793 99 1367 1445 1426 79 1167 692 971 1 Core 1 | 1 . . . . . . . . . . . . . . . . . Treads 15301 | 78 557 . 854 718 1274 532 3248 793 99 1367 1445 1426 79 1167 692 971 1 Legs . | . . . . . . . . . . . . . . . . . . Wheels 941 | 11 344 494 92 . . . . . . . . . . . . . . Hover . | . . . . . . . . . . . . . . . . . . Flight . | . . . . . . . . . . . . . . . . . . Fastest Speed 50 | 50 160 200 200 240 240 240 240 235 235 160 240 240 245 245 160 160 160 Average Speed 227 | 149 179 200 237 240 240 240 240 236 238 241 244 243 245 245 161 160 160 Slowest Speed 320 | 160 320 215 240 240 240 240 320 320 240 245 245 245 245 245 240 240 160 Overloaded Moves . | . . . . . . . . . . . . . . . . . . Propulsion Burnouts . | . . . . . . . . . . . . . . . . . . Robots Hopped . | . . . . . . . . . . . . . . . . . . Cave-ins Triggered . | . . . . . . . . . . . . . . . . . . Exploration Rate (%) 73 | 6 97 95 85 99 91 93 93 33 70 32 98 99 69 99 22 73 . Regions Visited 17 Branch Regions 9 Pre-discovered Areas 8 | . 1 . 1 . 1 . 1 . . 1 . . 1 2 . . . Known Exits Taken 3 | . . . . . . . . . . 1 . . . . 1 1 . Unknown Exits Taken 12 | 1 1 1 1 1 1 1 1 . . . 1 1 1 1 . . . Scrap Searched 17 | . . 1 . 3 . 2 . . . . 3 5 . 3 . . . Spaces Dug 204 | . 18 . 25 . 4 13 21 22 . 70 10 6 . 2 11 2 . Terrain Destroyed 500 | . 33 . 53 . 37 49 36 73 1 79 23 14 . 9 61 32 . Melee 88 | . . . . . . . 5 19 . 47 10 5 . 1 . 1 . Projectile 95 | . . . . . 6 . 12 13 1 6 13 4 . 8 20 12 . AOE 314 | . 33 . 53 . 28 49 19 41 . 26 . 5 . . 41 19 . Terrain Rammed . | . . . . . . . . . . . . . . . . . . Walls Destroyed . | . . . . . . . . . . . . . . . . . . Machines Disabled . | . . . . . . . . . . . . . . . . . . Actions | -11 -10 -10 -9 -9 -9 -8 -8 -7 -7 -7 -7 -7 -7 -6 -6 -6 -5 --------- Run | Jun Mat Min Mat Min Exi Min Mat Fac Was Fac Low Low Dat Pro Fac Ext Fac Total 22362 | 129 1647 568 1330 880 1473 587 4717 1374 245 2264 1693 1512 81 1471 995 1395 1 Wait 3939 | 10 605 52 204 119 12 37 1044 329 78 552 165 42 . 245 187 258 . Move 16227 | 89 900 493 945 717 1273 531 3247 793 98 1366 1444 1425 78 1166 691 970 1 Hop . | . . . . . . . . . . . . . . . . . . Pick Up 274 | 3 31 3 25 6 23 1 83 21 5 41 6 1 . 2 8 15 . Fast Attach 84 | 8 2 . 3 1 1 . 20 8 4 15 3 2 . 1 8 8 . Attach 103 | . 2 1 13 1 11 2 29 14 2 12 . . . 3 4 9 . Detach 40 | 1 . . 3 . 3 . 16 2 3 6 . . . 1 1 4 . Swap 264 | . 13 4 14 1 11 5 46 43 4 48 11 11 3 16 20 14 . Drop 251 | . 10 2 18 7 17 . 82 18 14 40 9 3 . 2 15 14 . Fire 847 | 18 80 13 100 23 82 9 131 76 37 92 39 23 . 33 54 37 . Melee 223 | . . . . . 40 . 13 62 . 83 12 5 . 2 . 6 . Ram . | . . . . . . . . . . . . . . . . . . Kick . | . . . . . . . . . . . . . . . . . . Crush 51 | . 4 . 5 5 . 2 6 6 . 9 . . . . 7 7 . Escape Stasis 2 | . . . . . . . . 2 . . . . . . . . . Rewire 41 | . . . . . . . . . . . . . . . . 41 . Trap 16 | . . . . . . . . . . . 4 . . . . 12 . Miscellaneous . | . . . . . . . . . . . . . . . . . . Route ------- -11/Junkyard -10/Materials (discovered 4 exits: *Mat x3 / *Min) -10/Mines (discovered 2 exits: *Mat x2) -9/Materials (discovered 4 exits: *Mat x2 / [*Min] / [*Sto]) -9/Mines (discovered 3 exits: *Mat x2 / *Exi) -9/Exiles -8/Mines (discovered 2 exits: *Mat x2) -8/Materials (discovered 3 exits: *Fac x2 / Gar) -7/Factory (discovered 2 exits: *Fac / *Low) -7/Waste -7/Factory (discovered 2 exits: *Low x2) -7/Lower Caves -7/Lower Caves (discovered 2 exits: *Fac / *Dat) -7/Data Miner -6/Proximity Caves -6/Factory (discovered 5 exits: Fac / Low x2 / *Ext x2) -6/Extension (discovered 3 exits: *Fac x2 / [*Cet]) -5/Factory History --------- Turn | Location | Event 21 | -11/Junkyard | Discovered new exit (range 14) 213 | -11/Junkyard | Entered Materials 317 | -10/Materials | Build established: Mutant 971 | -10/Materials | Repaired Lgt. Treads 999 | -10/Materials | Repaired Assault Rifle 1069 | -10/Materials | Discovered new exit (range 4) 1337 | -10/Materials | Discovered new exit (range 15) 2039 | -10/Materials | Discovered new exit (range 16) 2212 | -10/Materials | Discovered new exit (range 16) 2730 | -10/Materials | Entered Mines 2733 | -10/Mines | Received a Mining Laser from a helpful Derelict 2820 | -10/Mines | Met a Derelict shopkeep closing up shop 2985 | -10/Mines | Received a Rocket Launcher from a helpful Derelict 3022 | -10/Mines | Learned Materials terminal intel 3092 | -10/Mines | Discovered new exit (range 5) 3244 | -10/Mines | Core integrity fell below 50% 3696 | -10/Mines | Discovered new exit (range 9) 3820 | -10/Mines | Entered Materials 3820 | -9/Materials | Evolved 2 slots: Propulsion x1, Utility x1 3821 | -9/Materials | Loaded intel: 12 terminal locations 4314 | -9/Materials | Build established: Scavenger-Mutant 4707 | -9/Materials | Discovered new exit (range 5) 4957 | -9/Materials | Discovered new exit (range 7) 5415 | -9/Materials | Lost 3 parts (2n1u) 5532 | -9/Materials | Discovered new exit (range 15) 5820 | -9/Materials | First assault squad dispatched 6253 | -9/Materials | Build established: Mutant 6336 | -9/Materials | Discovered new exit (range 16) 6578 | -9/Materials | Repaired Lgt. Treads 6649 | -9/Materials | Entered Mines 6684 | -9/Mines | Assembled infested the area 6700 | -9/Mines | Met a Derelict bent on vengeance 6955 | -9/Mines | Discovered new exit (range 5) 7056 | -9/Mines | Discovered new exit (range 4) 7140 | -9/Mines | Found a hidden stash of uninstalled traps 7541 | -9/Mines | Learned Materials security intel 7608 | -9/Mines | Discovered new exit (range 7) 8044 | -9/Mines | Met a Derelict testing a Signal Generator 8217 | -9/Mines | Core integrity fell below 50% 8444 | -9/Mines | Build established: Scavenger-Mutant 8583 | -9/Mines | Entered Exiles 8763 | -9/Exiles | Met 8R-AWN 8801 | -9/Exiles | Met EX-HEX 8931 | -9/Exiles | Met EX-DEC 8979 | -9/Exiles | Learned location of Zion (-6) 9159 | -9/Exiles | Met EX-BIN 9188 | -9/Exiles | Aligned with FarCom system 9190 | -9/Exiles | Given EX-Vault access code 9250 | -9/Exiles | Opened EX-Vault 9309 | -9/Exiles | Warned to stay clear of 0b10 Research branches 9745 | -9/Exiles | Visited The Gauntlet 10151 | -9/Exiles | Attacked by the Exiles 10245 | -9/Exiles | Destroyed 8R-AWN 10252 | -9/Exiles | Found 8R-AWN's Boregun 10256 | -9/Exiles | Found 8R-AWN's Armor/EX 10272 | -9/Exiles | Lost 8 parts (1p2n4u1w) 10825 | -9/Exiles | Destroyed EX-BIN 11004 | -9/Exiles | Destroyed EX-DEC 11031 | -9/Exiles | Found Deploy-a-Sentry 11046 | -9/Exiles | Destroyed EX-HEX 11490 | -9/Exiles | Found System Purifier 11945 | -9/Exiles | Discovered new exit (range 14) 11972 | -9/Exiles | Entered Mines 12899 | -8/Mines | Discovered new exit (range 5) 13176 | -8/Mines | Discovered new exit (range 14) 13322 | -8/Mines | Entered Materials 13322 | -8/Materials | Evolved 2 slots: Utility x2 13760 | -8/Materials | Lost 4 parts (1p1n2u) 15414 | -8/Materials | Discovered new exit (range 16) 15575 | -8/Materials | Found Prototype Launcher 15575 | -8/Materials | Identified Rocket Array 15717 | -8/Materials | Core integrity fell below 50% 15754 | -8/Materials | Lost 6 parts (5u1w) 16585 | -8/Materials | Discovered new exit (range 5) 17272 | -8/Materials | Garrison activated, responded to threat 17339 | -8/Materials | Lost 3 parts (1p2n) 17362 | -8/Materials | Identified exit to Garrison 19527 | -8/Materials | Repaired Broken System Purifier 19559 | -8/Materials | Repaired Cooling System 19702 | -8/Materials | Repaired Broken System Purifier 19735 | -8/Materials | Repaired Cooling System 20718 | -8/Materials | Build established: Hacker-Mutant 20759 | -8/Materials | Found Rocket Array 21753 | -8/Materials | Build established: Scavenger-Mutant 22850 | -8/Materials | Entered Factory 22850 | -7/Factory | Evolved 2 slots: Utility x2 22944 | -7/Factory | Garrison activated, responded to threat 23009 | -7/Factory | Destroyed 7 combat bots 23183 | -7/Factory | Hacking Suite fried by hacking feedback 23974 | -7/Factory | Repaired Hrd. Medium Armor Plating? 24069 | -7/Factory | Repaired Cooling System 24108 | -7/Factory | Repaired Imp. Light Armor Plating 24976 | -7/Factory | Discovered new exit (range 7) 25359 | -7/Factory | Discovered new exit (range 4) 25509 | -7/Factory | Sucked down chute 25509 | -7/Factory | Entered Waste 25524 | -7/Waste | EMP discharged 25542 | -7/Waste | Destroyed C-40 Crusher 25565 | -7/Waste | Destroyed C-40 Crusher 25608 | -7/Waste | Found Damper Plating 25615 | -7/Waste | Destroyed C-40 Crusher 25624 | -7/Waste | EMP discharged 25639 | -7/Waste | Spotted C-40 Crusher 25671 | -7/Waste | Destroyed C-40 Crusher 25674 | -7/Waste | Crushed by Compactor (0 parts destroyed, 1 dropped) 25679 | -7/Waste | Destroyed C-40 Crusher 25724 | -7/Waste | EMP discharged 25805 | -7/Waste | Discovered new exit (range 16) 25824 | -7/Waste | EMP discharged 25920 | -7/Waste | Entered Factory 26996 | -7/Factory | Garrison activated, responded to threat 27156 | -7/Factory | Identified exit to Lower Caves 27877 | -7/Factory | Repaired System Purifier 27919 | -7/Factory | Repaired Hvy. Treads 28123 | -7/Factory | Central database locked down 28687 | -7/Factory | Repaired Adv. Transmission Jammer 28717 | -7/Factory | Repaired Huge Storage Unit 28821 | -7/Factory | Repaired Hrd. Medium Armor Plating 29252 | -7/Factory | Fabricated B-48 Gladiator? 29284 | -7/Factory | Build established: Hacker-Mutant 29329 | -7/Factory | Repaired Hvy. Treads 29388 | -7/Factory | Repaired Antimatter Reactor 30118 | -7/Factory | Build established: Scavenger-Mutant 30320 | -7/Factory | First assault squad dispatched 30443 | -7/Factory | Entered Lower Caves 31131 | -7/Lower Caves | Spotted B-75 Beast 33088 | -7/Lower Caves | Learned Factory stockpile data 33788 | -7/Lower Caves | Discovered new exit (range 10) 34050 | -7/Lower Caves | Encountered a Warlord checkpoint 34222 | -7/Lower Caves | Learned 12 Factory zone layouts 34311 | -7/Lower Caves | Entered another Lower Caves area 34417 | -7/Lower Caves | Discovered new exit (range 8) 35755 | -7/Lower Caves | Encountered a Warlord checkpoint 36930 | -7/Lower Caves | Discovered new exit (range 8) 37908 | -7/Lower Caves | Entered Data Miner 37908 | -7/Data Miner | Discovered new exit (range 6) 37955 | -7/Data Miner | Met Data Miner 38002 | -7/Data Miner | Learned location of Section 7 (-2) 38002 | -7/Data Miner | Acquired the access code to Warlord's prototype stash 38038 | -7/Data Miner | Received God Mode back door access code from Data Miner 38104 | -7/Data Miner | Entered Proximity Caves 38106 | -6/Proximity Caves | Attracted the attention of an 0b10 outpost 38208 | -6/Proximity Caves | Escorted by Enhanced Grunt 39881 | -6/Proximity Caves | Learned location of Extension (-6) 40006 | -6/Proximity Caves | Discovered new exit (range 10) 40194 | -6/Proximity Caves | Received a Behemoth hack from an annoying Tinkerer 41341 | -6/Proximity Caves | Entered Factory 41341 | -6/Factory | Evolved 2 slots: Propulsion x1, Utility x1 41342 | -6/Factory | Identified exit to Lower Caves 41343 | -6/Factory | Identified exit to Factory 41541 | -6/Factory | Repaired Hrd. Medium Armor Plating? 41611 | -6/Factory | Repaired Hvy. Treads 42011 | -6/Factory | Identified exit to Extension 42277 | -6/Factory | Fabricated Exp. Utility Shielding (x1) 42315 | -6/Factory | Cargo convoy interrupted 42874 | -6/Factory | Entered Extension 42874 | -6/Extension | Accompanied by 1 ally 43065 | -6/Extension | Energy Cycler disabled 43065 | -6/Extension | Rescued a captive Derelict 43065 | -6/Extension | Rescued a captive Derelict 43065 | -6/Extension | Rescued a captive Derelict 43066 | -6/Extension | Rescued a captive Derelict 43072 | -6/Extension | Rescued a captive Derelict 43073 | -6/Extension | Rescued a captive Derelict 43077 | -6/Extension | Rescued a captive Derelict 43084 | -6/Extension | Rescued a captive Derelict 43458 | -6/Extension | Spotted B-75 Beast 43472 | -6/Extension | Allies destroyed B-75 Beast 43481 | -6/Extension | Discovered exit to Factory (range 14) 43483 | -6/Extension | Extracted ID and sensor layout for unrecognized location from A7's data core 43524 | -6/Extension | Build established: Hacker-Mutant 43592 | -6/Extension | Central database locked down 43950 | -6/Extension | Discovered exit to Factory (range 10) 43955 | -6/Extension | Discovered new exit (range 6) 44007 | -6/Extension | Repaired Broken Rocket Array 44064 | -6/Extension | Repaired Hvy. Treads 44127 | -6/Extension | Repaired Adv. Transmission Jammer 44172 | -6/Extension | Repaired Imp. Cooling System 44799 | -6/Extension | Build established: Scavenger-Mutant 44926 | -6/Extension | Entered Factory 44926 | -5/Factory | Accompanied by 1 ally 44926 | -5/Factory | Evolved 2 slots: Utility x2 44928 | -5/Factory | Self-destructed Last Messages --------------- 44845_ Acquired Stasis Trap. 44848_ Discarded Imp. System Shield. 44849_ Acquired Stasis Trap. 44862_ Acquired 28 matter. 44874_ Slammed into U-05 Engineer. 44874_ Destroyed Terrain Scanner. 44874_ U-05 Engineer system corrupted by crushing effect. 44875_ U-05 Engineer system terminally corrupted. 44876_ Acquired 29 matter. 44884_ Discarded Imp. Hacking Suite. 44886_ Acquired Bore Cannon. 44887_ Acquired 2 matter. 44888_ Dropped Antimatter Reactor. 44890_ Acquired 18 matter. 44898_ Acquired Beamcaster. 44920_ U-05 Engineer exits Transfer Station. 44925_ R-10 Processor enters Transfer Station. PARAMETERS=UTILITY+2 LOCATION=FACTORY GOAL=ESCAPE Map ----- +----------------------------------------------------+ | ???????????????????????????????? | | ???????????????????????????????? | | ???????????????????????????????? | | ???????????????????????????????? | | ???????????????????????????????? | | ???????????????????????????????? | | ???????????????????????????????? | | ???????????????????????????????? | | ???????????????????????????????? | | ???????????????????????????????? | | ???????????????????????????????? | | ???????????????????????????????? | | ???????????????????????????????? | | ???????????????????????????????? | | ???????????????????????????????? | | ???????????????????????????????? | | ???????????????????????????????? | | ???????????????????????????????? | | ???????????????????????????????? | | ???????????????????????????????? | | ???????????????????????????????? | | ???????????????????????????????? | | ???#######?????????????????????? | | ???# #?????????????????????? | | ???# h #######???????????????? | | ???# @ ????????? | | ???# ????????? | | ???# ????????? | | ???# ?????????? | | ???# ?????????? | | ???# ##########+#??????????? | | ???# #?????????????????????? | | ???# #?????????????????????? | | ???# #?????????????????????? | | ???# #?????????????????????? | | ???# #?????????????????????? | | ???# #?????????????????????? | | ???# #?????????????????????? | | ???# #?????????????????????? | | ???# #?????????????????????? | | ???? ??????????????????????? | | ???????????????????????????????? | | ???????????????????????????????? | | ???????????????????????????????? | | ???????????????????????????????? | | ???????????????????????????????? | | ???????????????????????????????? | | ???????????????????????????????? | | ???????????????????????????????? | | ???????????????????????????????? | +----------------------------------------------------+ Best States ------------- Heat Dissipation 88 Energy Generation 21 Energy Capacity 325 Matter Stores 300 Matter Capacity 300 Sight Range 16 Terrain Scan Density 10 Jamming Range 16 Armor Coverage 1600 Resistance: KI 30 Resistance: TH 15 Resistance: EM 90 Propulsion Shielding 66 Evasion (%) 40 Core Analysis 6 Armor Integrity Analysis 40 Recoil Reduction 4 Kinecelleration 30 Offensive Hacking 30 Defensive Hacking 12 Authchip Count 3 Trap Extractor Capacity 6 Item Schematics ----------------- Signal Interpreter | -10/Materials | Hacked Lgt. Armor Plating | -9/Materials | Hacked Sensor Array | -9/Materials | Scanalyzed Imp. Light Armor Plating | -9/Materials | Scanalyzed Arm. Wheel | -9/Materials | Scanalyzed Cmb. Antigrav System | -8/Materials | Scanalyzed System Purifier | -8/Materials | Scanalyzed Seismic Detector | -7/Factory | Hacked Adv. Cooling System | -7/Factory | Hacked Imp. Weapon Cycler | -7/Factory | Hacked Combat Drone Bay | -7/Data Miner | Free Lgt. Regenerative Plating | -7/Data Miner | Free Cld. Aerolev Unit | -7/Data Miner | Free Exp. Utility Shielding | -7/Data Miner | Free Imp. Heavy Machine Gun | -7/Data Miner | Free Linear Gravjet | -7/Data Miner | Free Imp. Kinecellerator | -7/Data Miner | Free Lrn. Proton Cannon | -7/Data Miner | Free Hyp. Coil Gun | -7/Data Miner | Free Point Defense Array | -7/Data Miner | Free Weapon Mount | -6/Factory | Hacked Mak. Sword | -6/Factory | Scanalyzed Hvy. Treads | -6/Factory | Scanalyzed Rocket Array | -6/Factory | Scanalyzed Imp. Hacking Suite | -6/Extension | Hacked Hvy. Reactive Plating | -6/Extension | Hacked Microactuators | -6/Extension | Hacked Imp. Reaction Control System | -6/Extension | Hacked Robot Schematics ------------------ M-28 Smith | -8/Materials | Hacked G-47 Trooper | -7/Data Miner | Free G-50 Soldier | -7/Data Miner | Free C-35 Carver | -7/Data Miner | Free B-48 Gladiator | -7/Data Miner | Free S-27 Virus | -6/Extension | Hacked Fabricated ------------ B-48 Gladiator | x3 | -7/Factory | Preloaded Exp. Utility Shielding | x1 | -6/Factory Alien Tech Used ----------------- None Achievements -------------- None Challenges ------------ None Game ------ Seed MachineShadingStreamer Manual? 0 Play Time 05:37:46 Cumulative 679.4 hours Start 2023.03.23 @ 12:32:32 End 2023.05.09 @ 23:01:59 Sessions 15 Manual Loads 0 Difficulty Rogue Special Mode None Game No. 78 Rogue 63 Adventurer 5 Explorer 10 Win Type - Total 26 Types 6/7/5/0/3/1/3/0/1 Lore% 90 Gallery% 95 Achievement% 85 Wizard Run 0 Options --------- ASCII 0 Keyboard 1 Movement Arrows Keybinds 0 Fullscreen 2 Font 18/SmallcapsGlow Map View 76x50 Tactical HUD 1 Map Filters NONE Filters NONE Steam 1 RUN: 272f7c20-b527-4fed-ac47-6c43d1b0c300